 Dungeon Crawl Stone Soup version 0.30-a0-627-gc11e7ae810 (console) character file.

Game seed: 17812256007332347224

9032 Ignak the Covert (level 11, -8/72 HPs)
             Began as an Octopode Enchanter on Jan 12, 2023.
             Was a Follower of Dithmenos.
             Mangled by a yak (13 damage)
             ... on level 9 of the Dungeon.
             The game lasted 00:35:25 (11297 turns).

Ignak the Covert (Octopode Enchanter)              Turns: 11297, Time: 00:35:25

Health: -8/72      AC:  1    Str:  7    XL:     11   Next: 40%
Magic:  4/19       EV: 23    Int: 18    God:    Dithmenos [*.....]
Gold:   264        SH:  5    Dex: 17    Spells: 12/21 levels left

rFire   + + .      SeeInvis .    a - +2 short sword (venom)
rCold   . . .      Faith    .    (no shield)
rNeg    + . .      Spirit   .    (helmet restricted)
rPois   +          Reflect  +    i - amulet of reflection
rElec   .          Harm     .    d - ring of protection from fire
rCorr   .          Rampage  .    n - ring of protection from fire
Will    .....                    v - ring of poison resistance
Stlth   +++++++                  g - ring of positive energy
HPRegen 0.32/turn                B - +5 ring of evasion
MPRegen 0.16/turn                (no ring)
                                 (no ring)
                                 (no ring)

@: wreathed by umbra
A: almost no armour, amphibious, 8 rings, camouflage 1, gelatinous body 1,
(nimble swimmer 1), tentacles
a: Renounce Religion


You were on level 9 of the Dungeon.
You worshipped Dithmenos.
Dithmenos was aware of your devotion.
You visited 2 branches of the dungeon, and saw 11 of its levels.
You also visited: Ossuary.

You collected 660 gold pieces.
You spent 396 gold pieces at shops.

Inventory:

Hand Weapons
 a - a +2 short sword of venom (weapon)
 b - a +4 scimitar of flaming
 y - a +0 rapier
 F - a +0 rapier
Missiles
 u - 2 poisoned darts (quivered)
Magical Staves
 h - a staff of fire
Jewellery
 d - a ring of protection from fire (left tentacle)
 g - a ring of positive energy (on tentacle)
 i - an amulet of reflection (around mantle)
 l - an amulet of the acrobat
 n - a ring of protection from fire (right tentacle)
 v - a ring of poison resistance (on tentacle)
 B - a +5 ring of evasion (on tentacle)
Wands
 D - a wand of flame (6)
 E - a wand of roots (10)
Scrolls
 c - 4 scrolls of magic mapping
 j - 2 scrolls of enchant armour
 k - a scroll of poison
 m - 3 scrolls of teleportation
 r - a scroll of amnesia
 t - a scroll of fog
 A - 2 scrolls of blinking
 C - a scroll of fear
Potions
 e - a potion of berserk rage {unknown}
 f - 4 potions of curing
 o - 2 potions of heal wounds
 p - a potion of invisibility
 q - a potion of brilliance {unknown}
 s - 2 potions of flight
 w - 3 potions of lignification {unknown}
 x - a potion of might {unknown}
 z - a potion of cancellation {unknown}


   Skills:
 + Level 5.7 Fighting
 + Level 6.0 Short Blades
 * Level 8.7 Dodging
 * Level 12.7 Stealth
 - Level 1.0 Unarmed Combat
 + Level 5.7 Spellcasting
 + Level 6.6 Hexes
 + Level 4.4 Ice Magic


You had 12 spell levels left.
You knew the following spells:

 Your Spells              Type           Power      Damage    Failure   Level
a - Confusing Touch       Hex            29%        N/A       2%          3
b - Tukima's Dance        Hex            29%        N/A       2%          3
c - Ensorcelled Hibernat  Hex/Ice        50%        N/A       1%          2
d - Summon Small Mammal   Summ           20%        N/A       12%         1

Your spell library contained the following spells:

 Spells                   Type           Power      Damage    Failure   Level
 Dazzling Flash           Conj/Hex       34%        N/A       10%         3
 Apportation              Tloc           10%        N/A       12%         1
 Necrotise                Necr           20%        1d5       12%         1


Dungeon Overview and Level Annotations

Branches:
Dungeon (10/15)            Temple (1/1) D:7            Lair (0/5) D:8
Ossuary (visited)
    Orc: D:9-12

Altars:
Ashenzari
Cheibriados
Dithmenos
Elyvilon
Fedhas
Gozag
Hepliaklqana
Kikubaaqudgha
Makhleb
Nemelex Xobeh
Okawaru
Qazlal
Sif Muna
Trog
Uskayaw
Vehumet
Wu Jian
Xom
Yredelemnul
Zin
The Shining One

Shops:
D:5 =

Annotations:
D:4 3 runed translucent doors, voshxx's ghost, amateur SpAE
D:8 2 transporters


Innate Abilities, Weirdness & Mutations

You cannot wear most types of armour.
You are amphibious.
You can wear up to eight rings at the same time.
Your skin changes colour to match your surroundings (Stealth+).
Your rubbery body absorbs attacks. (AC +1, EV +1)
((You are camouflaged when in or above water. (Stealth+)))
You have tentacles for arms and can constrict up to eight enemies at once.


Message History

The yak resists with significant effort.
The yak barely misses you.
You hit the yak.
The yak is poisoned.
You squeeze the yak.
The yak is severely wounded.
The yak misses you.
You hit the yak. You squeeze the yak.
The yak is almost dead.
You hit the orc.
The orc is poisoned.
You grab the orc.
The orc is moderately wounded.
You constrict the orc.
You release your grip on the orc.
You hit the yak but do no damage.
The yak looks as sick as possible!
You squeeze the yak.
The yak is almost dead.
You kill the yak!
Dithmenos accepts your kill.
Your Short Blades skill increases to level 6!
Dithmenos accepts your kill.
You feel a bit more experienced.
There is an open door here.
There is a stone staircase leading down, spattered with blood here.
You climb downwards.
You hear the roar of battle.
There is an entrance to a bailey on this level.
Hurry and find it before the portal closes forever!
The walls and floor vibrate strangely for a moment.
The two-headed ogre hits you with a +0 giant club!!
The two-headed ogre misses you.
There is a stone staircase leading up, spattered with blood here.
Press: ? - help, v - describe, . - travel
Here: a two-headed ogre, wielding two +0 giant clubs (umbra)
The floor.
Something hits you.
Deactivating autopickup; reactivate with Ctrl-A.
The two-headed ogre completely misses you.
The two-headed ogre hits you with a +0 giant club!!
* * * LOW HITPOINT WARNING * * *
You climb upwards.
Reactivating autopickup.
The yak completely misses you. The yak gores you!
You die...

#..##........#
##......~~...#
##.##........#
#............#
#...........#
#.#..........#
###.........#
##.###...######
##........###..#
###.....##
###'#######..##
#.....##
#.#######.##
#.....##
#.....O#..#
#......#
####...@Y##
#.......
#.##########
#.....#.
#.#........#
#.....##
#.#.######.#
#..<..## #.#.#
#.# #.....##
#####.#.# #.#
#.#+####
#.....#.# #.#
#.#.####
#.#####.#
#.###.#..... #)#
#.# #.......####


You could see a two-headed ogre and a yak.

Vanquished Creatures
  Erica (D:8)
  Pikel (D:5)
  Maggie (D:6)
  Prince Ribbit (D:6)
  A vampire (D:8)
  3 wyverns
  A steam dragon (D:9)
  13 yaks
  A basilisk (D:8)
  Edmund (D:6)
  9 water moccasins
  An ice beast (D:7)
  2 black bears
  4 orc warriors
  A sky beast (D:5)
  An ogre (D:7)
  A centaur (D:8)
  A lemure (D:5)
  A phantom (D:5)
  4 bullfrogs
  Blork the orc (D:6)
  2 necrophages
  7 scorpions
  A water moccasin zombie (Ossuary)
  8 wights
  A howler monkey (D:5)
  2 hounds (D:7)
  5 orc priests
  3 jellies
  3 iguanas (D:5)
  3 orc wizards
  3 mummies
  6 adders
  3 gnolls (D:7)
  4 shadow imps
  3 white imps
  An ufetubus (D:5)
  3 adder zombies (Ossuary)
  6 worms
  A dart slug (D:2)
  33 orcs
  7 bats
  7 endoplasms
  3 giant cockroaches
  4 gnoll zombies (Ossuary)
  6 goblins
  4 hobgoblins
  7 jackals
  4 kobolds
  5 quokkas
  5 ball pythons
  3 frilled lizards
  3 hobgoblin zombies (Ossuary)
  8 kobold zombies
  5 orc zombies (Ossuary)
  2 rats
  A butterfly (D:7)
222 creatures vanquished.

Vanquished Creatures (collateral kills)
  A two-headed ogre (D:9)
  An ogre (D:6)
2 creatures vanquished.

Vanquished Creatures (others)
  An orc wizard (D:9)
  2 demonic plants (D:4)
  5 fungi
  20 plants
28 creatures vanquished.

Grand Total: 252 creatures vanquished

Notes
Turn   | Place    | Note
-------+----------+-------------------------------------------
     0 | D:1      | Ignak the Octopode Enchanter began the quest for the Orb.
     0 | D:1      | Reached XP level 1. HP: 11/11 MP: 3/3
   106 | D:1      | Reached XP level 2. HP: 17/17 MP: 5/5
   112 | D:1      | Learned a level 2 spell: Ensorcelled Hibernation
   693 | D:1      | Reached XP level 3. HP: 22/22 MP: 6/6
   891 | D:2      | Learned a level 3 spell: Confusing Touch
  1216 | D:2      | Reached XP level 4. HP: 27/27 MP: 7/7
  1279 | D:2      | Reached skill level 1 in Fighting
  1342 | D:2      | Reached skill level 1 in Unarmed Combat
  1855 | D:3      | Noticed a scorpion
  1864 | D:3      | Killed a scorpion
  1865 | D:3      | Reached skill level 5 in Stealth
  1865 | D:3      | Reached XP level 5. HP: 33/33 MP: 8/8
  2120 | D:4      | Reached XP level 6. HP: 37/39 MP: 2/9
  2317 | D:4      | HP: 1/39 [acid (7)]
  2362 | D:4      | Reached skill level 6 in Stealth
  2738 | D:4      | Noticed a black bear
  2754 | D:4      | Killed a black bear
  2755 | D:4      | Reached XP level 7. HP: 15/45 MP: 2/11
  3647 | D:4      | Found a runed translucent gate.
  3648 | D:4      | Found a runed translucent gate.
  3648 | D:4      | Found a runed translucent gate.
  3665 | D:4      | Noticed voshxx's ghost (amateur SpAE)
  3775 | D:4      | Reached skill level 7 in Stealth
  3843 | D:5      | Entered Level 5 of the Dungeon
  3917 | D:5      | Found a sand-covered staircase.
  3947 | Ossuary  | Entered an ossuary
  3996 | Ossuary  | Reached XP level 8. HP: 44/51 MP: 7/13
  4438 | D:5      | Found Damuf's Jewellery Shop.
  4521 | D:5      | Found a glowing silver altar of Zin.
  4521 | D:5      | Found a white marble altar of Elyvilon.
  4613 | D:5      | Reached skill level 5 in Dodging
  4613 | D:5      | Reached skill level 8 in Stealth
  4976 | D:6      | Noticed Pikel
  5024 | D:5      | HP: 1/52 [Pikel/+1 whip of flaming (10)]
  5279 | D:5      | Killed Pikel
  5280 | D:5      | Reached skill level 9 in Stealth
  5280 | D:5      | Reached XP level 9. HP: 14/57 MP: 5/15
  5445 | D:6      | Noticed Maggie
  5463 | D:6      | Killed Maggie
  5464 | D:6      | Reached skill level 5 in Hexes
  5476 | D:6      | Noticed Edmund
  5523 | D:6      | Noticed Prince Ribbit
  5536 | D:6      | Killed Edmund
  5599 | D:6      | Killed Prince Ribbit
  5748 | D:6      | Noticed Blork the orc
  5759 | D:6      | Killed Blork the orc
  5760 | D:6      | Reached skill level 10 in Stealth
  5921 | D:7      | Found a staircase to the Ecumenical Temple.
  5931 | Temple   | Entered the Ecumenical Temple
  6080 | Temple   | Became a worshipper of Dithmenos the Shadowed
  6213 | Temple   | Reached skill level 1 in Ice Magic
  6710 | D:7      | Reached XP level 10. HP: 65/65 MP: 9/17
  6799 | D:7      | Learned a level 3 spell: Tukima's Dance
  7355 | D:7      | Reached * piety under Dithmenos
  7611 | D:8      | Found a staircase to the Lair.
  7645 | D:8      | Reached skill level 5 in Short Blades
  7645 | D:8      | Reached skill level 11 in Stealth
  7652 | D:8      | Learned a level 1 spell: Summon Small Mammal
  7662 | D:8      | Reached skill level 5 in Spellcasting
  8149 | D:5      | Bought a +5 ring of evasion for 396 gold pieces
  8225 | D:8      | Reached skill level 5 in Fighting
  8506 | D:8      | Found a blossoming altar of Fedhas.
  8561 | D:8      | Found a sparkling altar of Nemelex Xobeh.
  8587 | D:8      | Found a stormy altar of Qazlal.
  8627 | D:8      | Found a transporter.
  8627 | D:8      | Found a transporter.
  8627 | D:8      | Found a transporter.
  8627 | D:8      | Found a transporter.
  8700 | D:8      | Noticed Erica
  9115 | D:8      | Reached skill level 12 in Stealth
  9180 | D:8      | Reached XP level 11. HP: 72/72 MP: 19/19
  9805 | D:8      | Killed Erica
 10049 | D:9      | Found an iron altar of Okawaru.
 10439 | D:10     | Entered Level 10 of the Dungeon
 10439 | D:10     | Noticed a two-headed ogre
 10605 | D:9      | Noticed a two-headed ogre
 10638 | D:9      | Killed a two-headed ogre
 11297 | D:9      | Mangled by a yak

Illustrated notes

Levels and vault maps discovered:
D:1:      saegor_arrival_simple_a, layout_loops_ring, serial_bayou,
          serial_bayou_pond_d, serial_bayou_lagoon_a, serial_bayou_shore_a,
          serial_bayou_pond_b, serial_bayou_lake_a, serial_bayou_pond_a,
          nicolae_titane
D:2:      layout_basic
D:3:      layout_basic
D:4:      layout_basic, serial_demonic, serial_demonic_b, serial_demonic_g,
          serial_demonic_a, serial_demonic_f, gammafunk_ghost_nasty_kobolds
D:5:      layout_loops_cross, gammafunk_temple_overflow_wave,
          nicolae_ossuary_entry_giza, serial_shops, shop
D:6:      layout_rooms, uniq_maggie, uniq_pikel, uniq_prince_ribbit1,
          uniq_edmund, uniq_blork_the_orc
D:7:      layout_basic, minmay_temple_entry_butterflies
D:8:      layout_loops_ring, mainiacjoe_overflow_alcove_4, grunt_qazlal_clouds,
          general_overflow_altar, minmay_lair_entry_grove,
          hangedman_abyss_or_decor_stagger, nicolae_diode_intersection,
          uniq_erica
D:9:      layout_basic, nicolae_ru_path_of_blood, lemuel_doored_altar,
          hangedman_abyss_or_decor_stabs
D:10:     layout_cave_pods, enter_bailey_3, serial_co_window_serial,
          co_window_corner_a, co_window_cross_1, co_window_corner_a,
          co_window_corner_a, co_window_paths_b, co_window_paths_a,
          co_window_paths_a, co_window_2corner, co_window_2corner,
          co_window_broadway_b, co_window_sun, glass_columns_c, glass_columns_a,
          glass_columns_a, glass_columns_b
Temple:   eino_wide_crystal_templ

Skill      XL: |  1  2  3  4  5  6  7  8  9 10 11 |
---------------+----------------------------------+-----
Fighting       | 1 2 3 4 5 |  5.7
Unarmed Combat | 1 |  1.0
Dodging        | 3 4 5 7 8 |  8.7
Stealth        | 5 6 7 9 10 12 | 12.7
Short Blades   | 2 3 4 5 6 |  6.0
Spellcasting   | 3 4 5 |  5.7
Hexes          | 4 5 6 |  6.6
Ice Magic      | 2 3 4 |  4.4

Action                   |  1- 3 |  4- 6 |  7- 9 | 10-12 || total
-------------------------+-------+-------+-------+-------++-------
Melee: Dagger            |    83 |   104 |   259 |    10 ||   456
       Constrict         |    15 |    20 |    58 |    23 ||   116
       Tentacles         |    11 |    23 |    59 |    64 ||   157
       Punch             |     1 |     1 |     9 |     3 ||    14
       Rapier            |       |       |       |   164 ||   164
       Short sword       |       |       |       |    27 ||    27
       Falchion          |       |       |       |     5 ||     5
Throw: Throwing net      |       |     1 |       |       ||     1
       Dart              |       |       |     3 |     6 ||     9
 Cast: Ensorcelled Hiber |     8 |    14 |    35 |    72 ||   129
       Confusing Touch   |       |     2 |    17 |    15 ||    34
       Summon Small Mamm |       |       |       |     4 ||     4
       Tukima's Dance    |       |       |       |     4 ||     4
  Use: Scroll            |       |     6 |     9 |     3 ||    18
       Potion            |       |     2 |     4 |     3 ||     9
 Stab: Sleeping          |    18 |    10 |    37 |    32 ||    97
       Confused          |       |     1 |    12 |     7 ||    20
       Invisible         |       |     1 |     5 |       ||     6
Armor: Skin              |     6 |     5 |     8 |     9 ||    28
Dodge: Dodged            |    33 |    84 |   106 |   202 ||   425
Block: Other             |     8 |    15 |    41 |    46 ||   110

Table legend: (Time is in decaauts)
 A = Elapsed time spent in this place.
 B = Non-inter-level travel time spent in this place.
 C = Inter-level travel time spent in this place.
 D = Time resting spent in this place.
 E = Time spent auto-exploring this place.
 F = Levels seen in this place.
 G = Mean time per level.
                   A        B        C        D        E       F      G
               +--------+--------+--------+--------+--------+-----+--------+
         Total |  11236 |  10928 |    308 |   2812 |   4126 |  12 |  936.3 |
       Dungeon |  10476 |  10178 |    298 |   2495 |   4090 |  10 | 1047.6 |
        Temple |    515 |    505 |     10 |    247 |     36 |   1 |  515.0 |
       Ossuary |    245 |    245 |      0 |     70 |      0 |   1 |  245.0 |
               +--------+--------+--------+--------+--------+-----+--------+

Top non-repeatable levels by time:
     D:8: 1870 daAuts
     D:7: 1612 daAuts
     D:5: 1382 daAuts
     D:4: 1242 daAuts
     D:9: 1058 daAuts
     D:3: 920 daAuts
     D:2: 855 daAuts
     D:1: 802 daAuts
     D:6: 720 daAuts
  Temple: 515 daAuts
 Ossuary: 245 daAuts
    D:10: 10 daAuts
